 Dungeon Crawl Stone Soup version 0.29.1-1-gd02db6906a (webtiles) character file.

Game seed: 17542724828328076715

1222 LustLizard the Covert (level 8, -3/40 HPs)
             Began as a Spriggan Arcane Marksman on Sept 26, 2022.
             Engulfed by a cloud of flame (29 damage)
             ... on level 5 of the Dungeon.
             The game lasted 00:15:52 (7957 turns).

LustLizard the Covert (Spriggan Arcane Marksman)    Turns: 7957, Time: 00:15:53

Health: -3/40      AC:  2    Str:  6    XL:     8   Next: 23%
Magic:  20/20      EV: 17    Int: 14    God:
Gold:   61         SH:  0    Dex: 18    Spells: 5/9 levels left

rFire   . . .      SeeInvis +   a - +1 sling
rCold   . . .      Faith    .   (no shield)
rNeg    . . .      Spirit   .   c - +0 robe
rPois   .          Reflect  .   (helmet restricted)
rElec   .          Harm     .   (no cloak)
rCorr   .          Rampage  .   (gloves unavailable)
Will    +....                   (boots unavailable)
Stlth   ++++......              j - amulet of magic regeneration
HPRegen 0.13/turn               i - ring of magical power
MPRegen 0.57/turn               (no ring)

@: very quick
A: very small, no large weapons, unfitting armour, see invisible, speed 3
a: no special abilities


You were on level 5 of the Dungeon.
You visited 1 branch of the dungeon, and saw 5 of its levels.

You collected 229 gold pieces.
You spent 168 gold pieces at shops.

Inventory:

Hand Weapons
 a - a +1 sling (weapon)
Armour
 c - a +0 robe (worn)
Jewellery
 i - a ring of magical power (left hand)
 j - an amulet of magic regeneration (around neck)
 t - a ring of positive energy
Scrolls
 b - 2 scrolls of poison
 d - 2 scrolls of teleportation
 e - a scroll of blinking
 g - a scroll of noise {unknown}
 h - 3 scrolls of fear {unknown}
 l - a scroll of vulnerability {unknown}
 n - 2 scrolls of amnesia {unknown}
 p - a scroll of silence {unknown}
 s - a scroll of magic mapping {unknown}
 u - 4 scrolls of enchant weapon {unknown}
Potions
 f - a potion of degeneration
 k - 2 potions of flight
 m - 2 potions of magic {unknown}
 o - a potion of mutation {unknown}
 q - 3 potions of heal wounds {unknown}
 r - a potion of curing {unknown}


   Skills:
 + Level 3.3 Fighting
 * Level 6.2 Ranged Weapons
 - Level 2.6 Dodging
 * Level 9.1 Stealth
 - Level 1.3 Spellcasting
 - Level 4.0 Hexes
 * Level 3.9 Translocations


You had 5 spell levels left.
You knew the following spells:

 Your Spells              Type           Power      Damage    Failure   Level
a - Slow                  Hex            48%        N/A       4%          1
b - Portal Projectile     Hex/Tloc       24%        N/A       16%         3

Your spell library contained the following spells:

 Spells                   Type           Power      Damage    Failure   Level
 Inner Flame              Hex/Fire       6%         N/A       32%         3
 Cause Fear               Hex            6%         N/A       43%         4


Dungeon Overview and Level Annotations

Branches:
Dungeon (5/15)
 Temple: D:4-7

Altars:
Sif Muna
Vehumet
Zin

Shops:
D:4 *

Annotations:
D:3 Ijyb, Sigmund


Innate Abilities, Weirdness & Mutations

You are very small and have problems with some larger weapons.
You are too small for most types of armour.
You have supernaturally acute eyesight. (SInv)
You cover ground extremely quickly. (Speed+++)


Message History

The wyvern bites you!
* * * LOW HITPOINT WARNING * * *
Casting: Slow (safe; 4% risk of failure)
Confirm with . or Enter, or press ? or * to list all spells.
Aiming: Slow (safe; 4% risk of failure)
Press: ? - help, Shift-Dir - straight line, f/p - wyvern
Aim: a wyvern (almost dead, chance to affect: 50%)
The wyvern seems to slow down.
Fire: a) +1 sling
Press: ? - help, Q - select action, (/) - cycle Shift-Dir - straight line, f/p - wyvern
Aim: a wyvern (almost dead, slow, 64% to hit)
You shoot a sling bullet. The sling bullet hits the wyvern!
You kill the wyvern!
Your Stealth skill increases to level 9!
Fire: a) +1 sling
Press: ? - help, Q - select action, (/) - cycle Shift-Dir - straight line, f - you
Okay, then.
You start resting.
HP restored.
You see here a wyvern skeleton.
There is a stone staircase leading down here.
Found a stone staircase leading down.
Found a radiant altar of Vehumet.
There is a stone staircase leading down here.
Found a stone staircase leading up.
You now have enough gold to buy a scroll of identify on D:4.
You can access your shopping list by pressing '$'.
You now have 61 gold pieces (gained 19).
Found a stone staircase leading up.
Partly explored, can't reach some items and places.
Really walk into a travel-excluded area?
Really walk into a travel-excluded area?
Really walk into that cloud of flame?
Okay, then.
You are engulfed in blazing flames.
You see here 2 emerald potions.
q - 3 emerald potions (gained 2)
You are engulfed in blazing flames.
Ouch! That really hurt!
You die...

#### ...###
.....#
.....#
.....######
#######
.........>#
#.....#
.....####.#
#.°.@.##
...###
#.###..§...#
.<.#
#.....☼....#
...#
#.###☼.°...#
###### #.#
###....#
.....# #.#
#.####
.....# #.#
#.# .....##
#.# #.#
......# #.#
#.#


There were no monsters in sight!

Vanquished Creatures
  A wyvern (D:5)
  Edmund (D:4)
  A black bear (D:5)
  2 ice beasts (D:5)
  An ogre (D:5)
  2 necrophages
  2 scorpions
  A jelly (D:5)
  2 hounds (D:4)
  An iguana (D:4)
  Natasha (thrice) (D:2)
  Robin (D:2)
  8 adders
  2 worms
  3 dart slugs
  2 orcs (D:3)
  7 ball pythons
  5 bats
  5 endoplasms
  3 giant cockroaches
  10 goblins
  7 hobgoblins
  4 jackals (D:2)
  6 quokkas
  A frilled lizard (D:2)
  6 kobolds
  5 rats
92 creatures vanquished.

Vanquished Creatures (others)
  A frilled lizard (D:3)
  A demonic plant (D:1)
  12 plants (D:3)
14 creatures vanquished.

Grand Total: 106 creatures vanquished

Notes
Turn   | Place    | Note
-------+----------+-------------------------------------------
     0 | D:1      | LustLizard the Spriggan Arcane Marksman began the quest for
                  | the Orb.
     0 | D:1      | Reached XP level 1. HP: 9/9 MP: 3/3
   102 | D:1      | Reached skill level 1 in Stealth
   134 | D:1      | Found a faded altar of an unknown god.
   143 | D:1      | Reached XP level 2. HP: 14/14 MP: 5/5
   541 | D:1      | Reached skill level 1 in Fighting
   613 | D:2      | Noticed Natasha
   757 | D:2      | Reached skill level 2 in Stealth
   872 | D:2      | Killed Natasha
   873 | D:2      | Reached XP level 3. HP: 18/18 MP: 6/6
   897 | D:2      | Reached skill level 3 in Stealth
  1231 | D:2      | Noticed Natasha
  1565 | D:2      | Killed Natasha
  1566 | D:2      | Reached XP level 4. HP: 3/22 MP: 7/7
  1574 | D:2      | Noticed Natasha
  1907 | D:2      | Killed Natasha
  1908 | D:2      | Reached skill level 4 in Stealth
  2160 | D:3      | Noticed Ijyb
  2389 | D:3      | Noticed Robin
  3486 | D:2      | Killed Robin
  3723 | D:2      | Reached XP level 5. HP: 12/26 MP: 8/8
  4061 | D:3      | Noticed Sigmund
  4330 | D:3      | Found a shimmering blue altar of Sif Muna.
  4509 | D:3      | Found a glowing silver altar of Zin.
  5493 | D:4      | Reached skill level 5 in Stealth
  5695 | D:4      | Reached XP level 6. HP: 30/30 MP: 9/9
  5796 | D:4      | Noticed Edmund
  5840 | D:4      | Reached skill level 6 in Stealth
  6026 | D:4      | Killed Edmund
  6027 | D:4      | Reached skill level 5 in Ranged Weapons
  6027 | D:4      | Reached skill level 7 in Stealth
  6027 | D:4      | Reached XP level 7. HP: 35/35 MP: 10/10
  6101 | D:4      | Found Loladdif's Assorted Antiques.
  6193 | D:4      | Bought a scroll labelled WOMNAYKKIKK for 29 gold pieces
  6193 | D:4      | Bought a scroll labelled BUCYOR VUCH for 29 gold pieces
  6193 | D:4      | Bought an emerald potion for 26 gold pieces
  6193 | D:4      | Bought a bubbling clear potion for 26 gold pieces
  6193 | D:4      | Bought a scroll labelled ZAUH XEIHEYW for 29 gold pieces
  6193 | D:4      | Bought a scroll labelled HEXZAW WESTRIAX for 29 gold pieces
  6280 | D:5      | Entered Level 5 of the Dungeon
  6406 | D:5      | Learned a level 3 spell: Portal Projectile
  6466 | D:5      | Reached skill level 8 in Stealth
  6466 | D:5      | Reached skill level 1 in Translocations
  6917 | D:5      | Reached XP level 8. HP: 40/40 MP: 11/11
  7361 | D:5      | Reached skill level 9 in Stealth
  7697 | D:5      | Found a radiant altar of Vehumet.
  7957 | D:5      | Engulfed by a cloud of flame

Illustrated notes

Levels and vault maps discovered:
D:1:      doesnt_arrival_eight_statues, layout_loops_cross,
          shapermc_ecumenical_altar_gd, amethyst_killhole,
          nicolae_figureground_sparkle
D:2:      layout_loops_cross, uniq_natasha
D:3:      layout_loops_cross, mainiacjoe_overflow_small_starburst,
          mainiacjoe_overflow_brackets, serial_bayou_lagoon_b, uniq_sigmund,
          uniq_robin, uniq_ijyb
D:4:      layout_rooms, serial_shops, nicolae_inconvenience_store, uniq_edmund
D:5:      layout_basic, fiery_altar_vehumet, hangedman_abyss_or_decor_stabs

Skill      XL: |  1  2  3  4  5  6  7  8 |
---------------+-------------------------+-----
Stealth        | 1 2 3 4 5 7 8 9 |  9.1
Fighting       | 1 2 3 |  3.3
Hexes          | 4 |  4.0
Ranged Weapons | 3 4 5 6 |  6.2
Translocations | 2 3 |  3.9
Dodging        | |  2.6
Spellcasting   | |  1.3

Action                   |  1- 3 |  4- 6 |  7- 9 || total
-------------------------+-------+-------+-------++-------
 Fire: Sling             |   112 |   222 |   164 ||   498
 Cast: Slow              |     5 |    26 |    31 ||    62
  Use: Scroll            |       |     4 |       ||     4
Armor: Robe              |     6 |     7 |     2 ||    15
Dodge: Dodged            |    61 |    72 |    28 ||   161
